NCAA
GEORGIA TECH YELLOW JACKETS @ VANDERBILT COMMODORES
04/10/2024
 
TOP OF THE 1ST
Georgia Tech Yellow Jackets batting - Pitching for Vanderbilt Commodores : RHP José Martínez
Pitching: RHP José Martínez
Batting: LHB Mike Harris 0-0: Called Strike
0-1: Ball
1-1: Ground out 4-3 (Groundball, 4)
Batting: SHB Ramón Valdés 0-0: TRIPLE (Line Drive, 3L)
Batting: LHB Héctor Soto 0-0: Called Strike
0-1: Swinging Strike
0-2: SINGLE (Groundball, 4)
Ramón Valdés scores
Batting: RHB Brian Cannon Pickoff Throw to First - Out!
0-0: Foul Ball, location: 2F
0-1: Ball
1-1: Swinging Strike
1-2: Foul Ball, location: 2F
1-2: Strikes out swinging
Top of the 1st over - 1 run(s), 2 hit(s), 0 error(s), 0 left on base; Georgia Tech 1 - Vanderbilt 0
BOTTOM OF THE 1ST
Vanderbilt Commodores batting - Pitching for Georgia Tech Yellow Jackets : RHP Rafael Durán
Pitching: RHP Rafael Durán
Batting: LHB Robbie Turner 0-0: Called Strike
0-1: Ground out 4-3 (Groundball, 34)
Batting: SHB Marvin López 0-0: Called Strike
0-1: Foul Ball, location: 2F
0-2: Fly out, F5 (Popup, 5F)
Batting: RHB Andy Toledo 0-0: Foul Ball, location: 2F
0-1: Ball
1-1: Ball
2-1: Fly out, F9 (Flyball, 9M)
Bottom of the 1st over - 0 run(s), 0 hit(s), 0 error(s), 0 left on base; Georgia Tech 1 - Vanderbilt 0
TOP OF THE 2ND
Georgia Tech Yellow Jackets batting - Pitching for Vanderbilt Commodores : RHP José Martínez
Batting: RHB Luis Antonio Cuevas 0-0: Ground out 6-3 (Groundball, 6)
Batting: RHB Jonny Lord 0-0: Foul Ball, location: 2F
0-1: Ball
1-1: DOUBLE (Flyball, 89XD)
Batting: RHB John Smith 0-0: Ball
1-0: Reached on error, E6 (Groundball, 6)
Jonny Lord to third
Batting: RHB Pete McKee 0-0: Grounds into double play, 6-4-3 (Groundball, 6)
Top of the 2nd over - 0 run(s), 1 hit(s), 1 error(s), 1 left on base; Georgia Tech 1 - Vanderbilt 0
BOTTOM OF THE 2ND
Vanderbilt Commodores batting - Pitching for Georgia Tech Yellow Jackets : RHP Rafael Durán
Batting: SHB David Jones 0-0: Called Strike
0-1: Ball
1-1: Ball
2-1: Ball
3-1: Called Strike
3-2: Strikes out swinging
Batting: LHB Micah Brantley 0-0: Ground out 1-3 (Groundball, 13)
Batting: RHB Dalton Gray 0-0: Ball
1-0: Ball
2-0: Foul Ball, location: 2F
2-1: Ball
3-1: Ground out 4-3 (Groundball, 4M)
Bottom of the 2nd over - 0 run(s), 0 hit(s), 0 error(s), 0 left on base; Georgia Tech 1 - Vanderbilt 0
TOP OF THE 3RD
Georgia Tech Yellow Jackets batting - Pitching for Vanderbilt Commodores : RHP José Martínez
Batting: RHB Pedro Fernández 0-0: Ball
1-0: Reached on error, E5 (Groundball, 5L)
Batting: LHB Mike Harris 0-0: Called Strike
0-1: Ball
1-1: Foul Ball, location: 2F
1-2: Foul Ball, location: 2F
1-2: SINGLE (Line Drive, 6MD)
Pedro Fernández to second
Batting: SHB Ramón Valdés 0-0: Ball
1-0: Foul Ball, location: 2F
1-1: Swinging Strike
1-2: Ball
2-2: Foul Ball, location: 2F
2-2: Strikes out looking
Batting: LHB Héctor Soto 0-0: Ball
1-0: Called Strike
1-1: Ball
2-1: Foul Ball, location: 2F
2-2: Strikes out looking
Batting: RHB Brian Cannon 0-0: Called Strike
0-1: Ball
1-1: Foul Ball, location: 2F
1-2: DOUBLE (Flyball, 8RXD)
Pedro Fernández scores
Mike Harris to third
Runner from 3rd tries for Home, SAFE, no throw or cutoff
Batting: RHB Luis Antonio Cuevas 0-0: Ball
1-0: Ball
2-0: Ball
3-0: Base on Balls
Batting: RHB Jonny Lord 0-0: Ball
1-0: Foul Ball, location: 2F
1-1: Ball
2-1: Ball
3-1: Fly out, F3 (Popup, 34)
Top of the 3rd over - 2 run(s), 2 hit(s), 1 error(s), 2 left on base; Georgia Tech 3 - Vanderbilt 0
BOTTOM OF THE 3RD
Vanderbilt Commodores batting - Pitching for Georgia Tech Yellow Jackets : RHP Rafael Durán
Batting: LHB Will Holt 0-0: Called Strike
0-1: Ball
1-1: Ball
2-1: Foul Ball, location: 2F
2-2: Foul Ball, location: 2F
2-2: Strikes out looking
Batting: RHB Herman Parker 0-0: Foul Ball, location: 2F
0-1: Ball
1-1: Foul Ball, location: 2F
1-2: Foul Ball, location: 2F
1-2: Reached on error, E6 (Groundball, 6)
Batting: RHB Robert Warner 0-0: Ball
1-0: Fly out, F7 (Flyball, 78M)
Batting: LHB Robbie Turner 0-0: Ball
1-0: Ball
2-0: Fly out, F8 (Flyball, 8RM)
Bottom of the 3rd over - 0 run(s), 0 hit(s), 1 error(s), 1 left on base; Georgia Tech 3 - Vanderbilt 0
TOP OF THE 4TH
Georgia Tech Yellow Jackets batting - Pitching for Vanderbilt Commodores : RHP José Martínez
Batting: RHB John Smith 0-0: Called Strike
0-1: Foul Ball, location: 2F
0-2: Ball
1-2: Ball
2-2: Strikes out swinging
Batting: RHB Pete McKee 0-0: Ball
1-0: Called Strike
1-1: Ball
2-1: Ball
3-1: Base on Balls
Batting: RHB Pedro Fernández 0-0: Ball
1-0: Ground out 3-1 (Groundball, 34)
Pete McKee to second
Batting: LHB Mike Harris 0-0: Called Strike
0-1: Ball
1-1: Swinging Strike
1-2: Ball
2-2: SINGLE (Groundball, 6M)
Pete McKee to third
Runner from 3rd tries for Home, throw and OUT!
Top of the 4th over - 0 run(s), 1 hit(s), 0 error(s), 1 left on base; Georgia Tech 3 - Vanderbilt 0
BOTTOM OF THE 4TH
Vanderbilt Commodores batting - Pitching for Georgia Tech Yellow Jackets : RHP Rafael Durán
Batting: SHB Marvin López 0-0: Ball
1-0: Ball
2-0: Foul Ball, location: 2F
2-1: Ball
3-1: Base on Balls
Batting: RHB Andy Toledo 0-0: Called Strike
0-1: Foul Ball, location: 2F
0-2: Ball
1-2: Grounds into double play, 6-4-3 (Groundball, 56)
Batting: SHB David Jones 0-0: Called Strike
0-1: Ball
1-1: Ball
2-1: SINGLE (Flyball, 89S)
Batting: LHB Micah Brantley 0-0: Ball
1-0: Ball
2-0: Called Strike
2-1: SINGLE (Line Drive, 89S)
David Jones to second
Runner from 2nd tries for 3rd, SAFE, no throw or cutoff
Batting: RHB Dalton Gray 0-0: Ball
1-0: Ball
2-0: Ball
3-0: Called Strike
3-1: Foul Ball, location: 2F
3-2: Strikes out looking
Bottom of the 4th over - 0 run(s), 2 hit(s), 0 error(s), 2 left on base; Georgia Tech 3 - Vanderbilt 0
TOP OF THE 5TH
Georgia Tech Yellow Jackets batting - Pitching for Vanderbilt Commodores : RHP José Martínez
Batting: SHB Ramón Valdés 0-0: Called Strike
0-1: Ball
1-1: Ball
2-1: Foul Ball, location: 2F
2-2: Foul Ball, location: 2F
2-2: Strikes out swinging
Batting: LHB Héctor Soto 0-0: Swinging Strike
0-1: SINGLE (Groundball, 34D)
Batting: RHB Brian Cannon 0-0: Ball
1-0: Ball
2-0: Called Strike
2-1: Ball
3-1: Fly out, F9 (Flyball, 89M)
Pitching: LHP Ernesto Pérez
Batting: RHB Luis Antonio Cuevas 0-0: Ball
1-0: Ball
2-0: Ball
3-0: Called Strike
3-1: Swinging Strike
3-2: Ground out 5-3 (Groundball, 5L)
Top of the 5th over - 0 run(s), 1 hit(s), 0 error(s), 1 left on base; Georgia Tech 3 - Vanderbilt 0
BOTTOM OF THE 5TH
Vanderbilt Commodores batting - Pitching for Georgia Tech Yellow Jackets : RHP Rafael Durán
Batting: LHB Will Holt 0-0: Called Strike
0-1: Foul Ball, location: 2F
0-2: SINGLE (Line Drive, 3D)
Batting: RHB Herman Parker 0-0: Ball
1-0: Called Strike
1-1: Ground out 5-3 (Groundball, 56S)
Will Holt to second
Batting: RHB Robert Warner 0-0: Called Strike
Will Holt steals 3rd base
0-1: Fly out, F8 (Popup, 6MD)
Batting: LHB Robbie Turner 0-0: Swinging Strike
0-1: Ground out U3 (Groundball, 3L)
Bottom of the 5th over - 0 run(s), 1 hit(s), 0 error(s), 1 left on base; Georgia Tech 3 - Vanderbilt 0
TOP OF THE 6TH
Georgia Tech Yellow Jackets batting - Pitching for Vanderbilt Commodores : LHP Ernesto Pérez
Batting: RHB Jonny Lord 0-0: DOUBLE (Line Drive, 9LS)
Batting: RHB John Smith 0-0: SINGLE (Line Drive, 89S)
Jonny Lord to third
Batting: RHB Pete McKee 0-0: Called Strike
0-1: Ball
1-1: Foul Ball, location: 2F
1-2: Foul Ball, location: 2F
1-2: Ball
2-2: Ball
3-2: Strikes out looking
Batting: RHB Pedro Fernández 0-0: Reached on Error, E7 (Line Drive, 7M)
Jonny Lord scores
John Smith to second
Batting: LHB Mike Harris 0-0: Called Strike
0-1: Fly out, F7 (Flyball, 7LMF)
Batting: SHB Ramón Valdés 0-0: Swinging Strike
0-1: Foul Ball, location: 2F
0-2: Foul Ball, location: 2F
0-2: Ball
1-2: Ball
2-2: Strikes out swinging
Top of the 6th over - 1 run(s), 2 hit(s), 1 error(s), 2 left on base; Georgia Tech 4 - Vanderbilt 0
BOTTOM OF THE 6TH
Vanderbilt Commodores batting - Pitching for Georgia Tech Yellow Jackets : RHP Rafael Durán
Batting: SHB Marvin López 0-0: Ball
1-0: Ball
2-0: Foul Ball, location: 2F
2-1: Ball
3-1: Base on Balls
Batting: RHB Andy Toledo 0-0: Called Strike
0-1: Swinging Strike
0-2: Ball
1-2: Strikes out looking
Batting: SHB David Jones 0-0: Fly out, F7 (Flyball, 78M)
Pitching: LHP Juan Jose Hinojosa
Batting: LHB Micah Brantley 0-0: Foul Ball, location: 2F
0-1: Ball
1-1: Ground out 4-3 (Groundball, 4)
Bottom of the 6th over - 0 run(s), 0 hit(s), 0 error(s), 1 left on base; Georgia Tech 4 - Vanderbilt 0
TOP OF THE 7TH
Georgia Tech Yellow Jackets batting - Pitching for Vanderbilt Commodores : LHP Ernesto Pérez
Batting: LHB Héctor Soto 0-0: Swinging Strike
0-1: Ball
1-1: Foul Ball, location: 2F
1-2: Ball
2-2: Ground out 3-1 (Groundball, 34)
Batting: RHB Brian Cannon 0-0: Ball
1-0: Called Strike
1-1: Called Strike
1-2: Strikes out looking
Batting: RHB Luis Antonio Cuevas 0-0: Ball
1-0: Ball
2-0: Called Strike
2-1: Ball
3-1: TRIPLE (Line Drive, 8LXD)
Pitching: RHP Dylan Hamilton
Batting: RHB Jonny Lord 0-0: Foul Ball, location: 2F
0-1: Ball
1-1: SINGLE (Groundball, 6MD)
Luis Antonio Cuevas scores
Batting: RHB John Smith 0-0: Called Strike
0-1: Ball
1-1: Foul Ball, location: 2F
1-2: Ball
2-2: Fly out, F8 (Flyball, 8RM)
Top of the 7th over - 1 run(s), 2 hit(s), 0 error(s), 1 left on base; Georgia Tech 5 - Vanderbilt 0
BOTTOM OF THE 7TH
Vanderbilt Commodores batting - Pitching for Georgia Tech Yellow Jackets : LHP Juan Jose Hinojosa
Batting: RHB Dalton Gray 0-0: Ball
1-0: Ball
2-0: Foul Ball, location: 2F
2-1: Foul Ball, location: 2F
2-2: Ball
3-2: SINGLE (Line Drive, 89S)
Batting: LHB Will Holt 0-0: Foul Ball, location: 2F
0-1: Ball
1-1: Ball
2-1: Swinging Strike
2-2: Ball
3-2: Strikes out swinging
Batting: RHB Herman Parker 0-0: Called Strike
0-1: Ball
1-1: Called Strike
1-2: Fly out, F3 (Popup, 3SF)
Batting: RHB Robert Warner 0-0: Ball
1-0: Ball
2-0: Ground out 5-3 (Groundball, 5S)
Bottom of the 7th over - 0 run(s), 1 hit(s), 0 error(s), 1 left on base; Georgia Tech 5 - Vanderbilt 0
TOP OF THE 8TH
Georgia Tech Yellow Jackets batting - Pitching for Vanderbilt Commodores : RHP Dylan Hamilton
Batting: RHB Pete McKee 0-0: Ball
1-0: Ball
2-0: Called Strike
2-1: Swinging Strike
2-2: Strikes out looking
Batting: RHB Pedro Fernández 0-0: Swinging Strike
0-1: Ball
1-1: Ball
2-1: Foul Ball, location: 2F
2-2: DOUBLE (Line Drive, 78M)
Batting: LHB Mike Harris 0-0: Swinging Strike
0-1: SINGLE (Line Drive, 34D)
Pedro Fernández to third
Runner from 3rd tries for Home, throw and OUT!
Mike Harris to second
Batting: SHB Ramón Valdés 0-0: Foul Ball, location: 2F
0-1: SINGLE (Line Drive, 56D)
Mike Harris to third
Runner from 3rd tries for Home, SAFE, no throw or cutoff
Batting: LHB Héctor Soto 0-0: Called Strike
0-1: Ball
1-1: Ball
2-1: Foul Ball, location: 2F
2-2: Foul Ball, location: 2F
2-2: Ball
3-2: Base on Balls
Ramón Valdés to second
Batting: RHB Brian Cannon 0-0: Called Strike
0-1: Ball
1-1: Ball
2-1: Fly out, F3 (Popup, 23F)
Top of the 8th over - 1 run(s), 3 hit(s), 0 error(s), 2 left on base; Georgia Tech 6 - Vanderbilt 0
BOTTOM OF THE 8TH
Vanderbilt Commodores batting - Pitching for Georgia Tech Yellow Jackets : LHP Juan Jose Hinojosa
Now at C: Rodrigo Carballeira
Batting: LHB Robbie Turner 0-0: Ball
1-0: SINGLE (Line Drive, 6D)
Batting: SHB Marvin López 0-0: Ball
1-0: Called Strike
1-1: Grounds into double play, 4-6-3 (Groundball, 4)
Batting: RHB Andy Toledo 0-0: DOUBLE (Line Drive, 8LM)
Batting: SHB David Jones 0-0: SINGLE (Groundball, 56D)
Andy Toledo to third
Runner from 3rd tries for Home, SAFE, no throw or cutoff
Batting: LHB Micah Brantley 0-0: Fly out, F5 (Popup, 5SF)
Bottom of the 8th over - 1 run(s), 3 hit(s), 0 error(s), 1 left on base; Georgia Tech 6 - Vanderbilt 1
TOP OF THE 9TH
Georgia Tech Yellow Jackets batting - Pitching for Vanderbilt Commodores : RHP Dylan Hamilton
Batting: RHB Luis Antonio Cuevas 0-0: Called Strike
0-1: Swinging Strike
0-2: Hit by Pitch
Batting: RHB Jonny Lord 0-0: Ball
1-0: Foul Ball, location: 2F
1-1: Foul Ball, location: 2F
1-2: Ball
2-2: SINGLE (Line Drive, 7LS)
Luis Antonio Cuevas to second
Batting: RHB John Smith 0-0: Swinging Strike
0-1: SINGLE (Line Drive, 7S)
Luis Antonio Cuevas to third
Jonny Lord to second
Batting: RHB Pete McKee 0-0: Fly out, F8 (Popup, 8LS)
Batting: RHB Pedro Fernández 0-0: Foul Ball, location: 2F
0-1: Ball
1-1: Ball
2-1: Fly out, F7 (Flyball, 78M)
Runner from 3rd tags up, OUT at HOME
Top of the 9th over - 0 run(s), 2 hit(s), 0 error(s), 2 left on base; Georgia Tech 6 - Vanderbilt 1
BOTTOM OF THE 9TH
Vanderbilt Commodores batting - Pitching for Georgia Tech Yellow Jackets : LHP Juan Jose Hinojosa
Pitching: RHP César Torres
Batting: RHB Dalton Gray 0-0: Ball
1-0: Ball
2-0: Bunted foul
2-1: Ground out 5-3 (Groundball, 5S)
Batting: LHB Will Holt 0-0: Ball
1-0: Called Strike
1-1: Fly out, F6 (Line Drive, 6)
Batting: RHB Herman Parker 0-0: Fly out, F6 (Line Drive, 6)
Bottom of the 9th over - 0 run(s), 0 hit(s), 0 error(s), 0 left on base; Georgia Tech 6 - Vanderbilt 1
This league is powered by Out of the Park Baseball, the baseball management simulation game for PC, Mac and Linux
Saturday, April 9th, 2016 - OOTP Baseball 16.8 Build 38